 Dungeon Crawl Stone Soup version 0.30-a0-137-gd8773701ce (webtiles) character file.

Game seed: 12503127222403784187

324 Engwar the Caller (level 6, -5/27 HPs)
             Began as a Felid Summoner on Sept 23, 2022.
             Was an Initiate of Gozag.
             Killed by an exploding themself (32 damage)
             ... ignited by their inner flame
             ... on level 6 of the Dungeon.
             The game lasted 00:19:30 (6614 turns).

Engwar the Caller (Felid Summoner)                  Turns: 6614, Time: 00:19:31

Health: -5/27      AC:  2    Str: 10    XL:     6   Next: 23%
Magic:  21/22      EV: 19    Int: 19    God:    Gozag
Gold:   547        SH:  0    Dex: 16    Spells: 4/13 levels left
                                        Lives:  0   Deaths: 1

rFire   . . .      SeeInvis +    (weapon unavailable)
rCold   . . .      Faith    .    (shield unavailable)
rNeg    . . .      Spirit   .    (body armour unavailable)
rPois   .          Reflect  .    (helmet unavailable)
rElec   .          Harm     .    (cloak unavailable)
rCorr   .          Rampage  .    (gloves unavailable)
Will    .....                    (boots unavailable)
Stlth   ++........               (no amulet)
HPRegen 0.09/turn                q - +6 ring of strength
MPRegen 0.18/turn                t - ring of magical power

@: gold aura, quick
A: very small, claws 1, fangs 3, see invisible, speed 1, shaggy fur 2, stealthy
paws, no weapons or thrown items, no armour, multi-lived
a: Renounce Religion, Potion Petition, Call Merchant, Bribe Branch


You were on level 6 of the Dungeon.
You worshipped Gozag.
Gozag was pleased with you.
You visited 2 branches of the dungeon, and saw 7 of its levels.

You collected 625 gold pieces.
You paid 78 gold pieces to Gozag.

Inventory:

Jewellery
 m - a ring of ice
 q - a +6 ring of strength (left paw)
 t - a ring of magical power (right paw)
 w - a ring of willpower
Wands
 p - a wand of flame (12)
 v - a wand of iceblast (6)
Scrolls
 e - a scroll of teleportation
 j - 2 scrolls of amnesia
 k - a scroll of fear
 o - 2 scrolls of immolation
 s - 2 scrolls of magic mapping {unknown}
 u - a scroll of vulnerability {unknown}
 y - a scroll of blinking {unknown}
 z - a scroll of poison {unknown}
Potions
 a - 2 potions of magic
 c - a potion of invisibility
 d - a potion of heal wounds {unknown}
 g - a potion of flight
 i - a potion of haste
 l - a potion of cancellation
 n - a potion of resistance
 x - 2 potions of curing


   Skills:
 + Level 2.5 Fighting
 + Level 4.5 Dodging
 - Level 2.6 Stealth
 + Level 4.1 Spellcasting
 + Level 3.8 Hexes
 + Level 5.7 Summonings


You had 4 spell levels left.
You knew the following spells:

 Your Spells              Type           Power      Damage    Failure   Level
a - Summon Small Mammal   Summ           100%       N/A       1%          1
b - Call Imp              Summ           25%        N/A       1%          2
c - Call Canine Familiar  Summ           25%        N/A       3%          3
d - Summon Guardian Gole  Hex/Summ       22%        N/A       5%          3

Your spell library contained the following spells:

 Spells                   Type           Power      Damage    Failure   Level
 Magic Dart               Conj           12%        1d3       14%         1
 Mephitic Cloud           Conj/Pois/Air  3%         N/A       38%         3
 Summon Lightning Spire   Summ/Air       14%        N/A       38%         4


Dungeon Overview and Level Annotations

Branches:
Dungeon (6/15)             Temple (1/1) D:4

Altars:
Ashenzari
Cheibriados
Dithmenos
Elyvilon
Fedhas
Gozag
Hepliaklqana
Makhleb
Nemelex Xobeh
Okawaru
Ru
Trog
Uskayaw
Vehumet
Wu Jian
Yredelemnul
Zin
The Shining One

Shops:
D:5 ?

Annotations:
D:6 Eustachio, Maggie


Innate Abilities, Weirdness & Mutations

You have sharp claws.
You have razor-sharp teeth.
You have supernaturally acute eyesight. (SInv)
You cover ground quickly. (Speed+)
You are covered in thick fur. (AC +2)
Your paws help you pounce on unaware monsters.
You are incapable of wielding weapons or throwing items.
You cannot wear armour.
You gain extra lives every three experience levels.


Message History

Key pressed, stopping explore.
Found a stone staircase leading down.
There is a stone staircase leading down here.
Found a club.
The goblin shouts!
Found a chain mail.
A water moccasin comes into view.
Casting: Summon Guardian Golem (quite dangerous; 5% risk of failure)
Confirm with . or Enter, or press ? or * to list all spells.
A guardian golem appears, shielding your allies.
You swap places.
The water moccasin bites your guardian golem.
The water moccasin bites your guardian golem.
The water moccasin bites your guardian golem but does no damage.
The water moccasin bites your guardian golem but does no damage.
The water moccasin bites your guardian golem but does no damage.
The water moccasin bites your guardian golem!
The water moccasin bites your guardian golem!
The water moccasin completely misses your guardian golem.
The water moccasin bites your guardian golem.
Your guardian golem overheats!
The water moccasin bites your guardian golem.
Flame seeps out of your guardian golem.
The water moccasin bites your guardian golem but does no damage.
Your guardian golem is engulfed in blazing flames.
Flame seeps out of your guardian golem.
The water moccasin bites your guardian golem but does no damage.
Your guardian golem is engulfed in blazing flames.
Flame seeps out of your guardian golem.
The water moccasin bites your guardian golem.
Flame seeps out of your guardian golem.
The water moccasin bites your guardian golem!
Your guardian golem disappears in a puff of smoke!
Your guardian golem explodes!
The fiery explosion engulfs the water moccasin!!
The water moccasin dies!
The fiery explosion engulfs you!!
Ouch! That really hurt!
You die...
Your body crumbles into a pile of gold.

#.#....#########
### #...#### #<#
#..## #.@......
#..# ..######.
#######..# #..
+.....#..# #.# #
###.....## #..
#...###§#§#.#
#.#
.......§§@#.#
#.#
######.####.#
... ..# #... ###
#.## .[ ###


There were no monsters in sight!

Vanquished Creatures
  An orc wizard (D:5)
  3 adders
  An orc (D:5)
  An endoplasm (D:4)
  A hobgoblin (D:1)
  A kobold (D:4)
  A ball python (D:3)
  3 bats
  3 rats
15 creatures vanquished.

Vanquished Creatures (collateral kills)
  A scorpion (D:5)
  2 hounds
  Ijyb (D:3)
  2 iguanas (D:6)
  4 gnolls (D:4)
  4 adders
  A shadow imp (D:5)
  2 white imps
  2 worms (D:3)
  2 dart slugs
  5 orcs
  3 ball pythons
  2 bats
  4 endoplasms
  7 giant cockroaches
  7 hobgoblins
  8 jackals
  3 quokkas
  4 frilled lizards
  5 goblins
  6 kobolds
  A rat (D:2)
76 creatures vanquished.

Vanquished Creatures (others)
  A water moccasin (D:6)
  An ogre (D:4)
  2 iguanas (D:5)
4 creatures vanquished.

Grand Total: 95 creatures vanquished

Notes
Turn   | Place    | Note
-------+----------+-------------------------------------------
     0 | D:1      | Engwar the Felid Summoner began the quest for the Orb.
     0 | D:1      | Reached XP level 1. HP: 7/7 MP: 4/4
   381 | D:1      | Reached XP level 2. HP: 11/11 MP: 3/6
   384 | D:1      | Learned a level 2 spell: Call Imp
   747 | D:1      | Found a faded altar of an unknown god.
  1006 | D:2      | Reached XP level 3. HP: 14/14 MP: 5/8
  1010 | D:2      | Learned a level 3 spell: Call Canine Familiar
  1861 | D:2      | Reached XP level 4. HP: 18/18 MP: 5/9
  1867 | D:2      | Learned a level 3 spell: Summon Guardian Golem
  2632 | D:3      | Noticed Ijyb
  2655 | D:3      | Killed Ijyb
  2656 | D:3      | Reached skill level 1 in Hexes
  2896 | D:3      | Reached skill level 5 in Summonings
  3125 | D:4      | Found a staircase to the Ecumenical Temple.
  3142 | Temple   | Entered the Ecumenical Temple
  3152 | Temple   | Became a worshipper of Gozag Ym Sagoz the Greedy
  3427 | D:4      | Noticed an ogre
  3434 | D:4      | Reached XP level 5. HP: 19/21 MP: 10/11
  3455 | D:3      | Reached skill level 1 in Fighting
  4420 | D:4      | Killed an ogre
  4738 | D:4      | Gained mutation: You are covered in thick fur. (AC +2)
                  | [Felid growth]
  4738 | D:4      | Reached XP level 6. HP: 25/25 MP: 12/12
  5054 | D:5      | Entered Level 5 of the Dungeon
  5247 | D:5      | Found Zuemecim's Magic Scroll Boutique.
  6104 | D:6      | Noticed Eustachio
  6128 | D:6      | Noticed Maggie
  6132 | D:6      | Slain by Maggie
  6133 | D:6      | Reached XP level 5. HP: -2/23 MP: 16/21
  6181 | D:6      | Reached XP level 6. HP: 27/27 MP: 13/13
  6598 | D:6      | Noticed a water moccasin
  6614 | D:6      | Killed a water moccasin
  6614 | D:6      | Killed by an exploding themself... ignited by their inner
                  | flame

Illustrated notes

Levels and vault maps discovered:
D:1:      dpeg_arrival_rhombi, layout_basic,
          shapermc_ecumenical_altar_notcrosses, serial_bayou_lake_a
D:2:      layout_basic, minmay_misc_feat_room, minmay_worlds_worst_comb
D:3:      layout_loops_cross, st_stairs_13, uniq_ijyb
D:4:      layout_cave_pods, minmay_temple_entry_grid, kennysheep_generic_room_16
D:5:      layout_rooms, serial_shops, nicolae_shop_behind_doors
D:6:      layout_basic, corexii_shack, nicolae_water_bricks,
          chequers_serial_rivers_room_b, minmay_fountain_box, uniq_maggie,
          uniq_eustachio
Temple:   nicolae_temple_no_exploring_needed

Skill      XL: |  1  2  3  4  5  6 |
---------------+-------------------+-----
Spellcasting   | 3 4 |  4.1
Hexes          | 1 2 3 |  3.8
Dodging        | 3 4 |  4.5
Summonings     | 5 |  5.7
Fighting       | 1 2 |  2.5
Stealth        | |  2.6

Action                   |  1- 3 |  4- 6 || total
-------------------------+-------+-------++-------
Melee: Unarmed           |    27 |    36 ||    63
       Punch             |     1 |     1 ||     2
       Bite              |       |     2 ||     2
 Cast: Summon Small Mamm |    17 |    23 ||    40
       Call Imp          |     2 |       ||     2
       Call Canine Famil |     4 |    32 ||    36
       Summon Guardian G |       |     8 ||     8
  Use: Scroll            |       |    15 ||    15
 Stab: Sleeping          |     1 |       ||     1
       Distracted        |       |     1 ||     1
Armor: Skin              |     1 |     4 ||     5
Dodge: Dodged            |    32 |    80 ||   112

Table legend: (Time is in decaauts)
 A = Elapsed time spent in this place.
 B = Non-inter-level travel time spent in this place.
 C = Inter-level travel time spent in this place.
 D = Time resting spent in this place.
 E = Time spent auto-exploring this place.
 F = Levels seen in this place.
 G = Mean time per level.
                   A        B        C        D        E       F      G
               +--------+--------+--------+--------+--------+-----+--------+
         Total |   5960 |   5811 |    149 |   1426 |   3130 |   7 |  851.4 |
       Dungeon |   5943 |   5794 |    149 |   1426 |   3130 |   6 |  990.5 |
        Temple |     17 |     17 |      0 |      0 |      0 |   1 |   17.0 |
               +--------+--------+--------+--------+--------+-----+--------+

Top non-repeatable levels by time:
     D:4: 1436 daAuts
     D:2: 1202 daAuts
     D:3: 1080 daAuts
     D:5: 922 daAuts
     D:1: 816 daAuts
     D:6: 483 daAuts
  Temple: 17 daAuts
